 Dungeon Crawl Stone Soup version 0.31-a0-1370-gf52a5a9ab3 (webtiles) character file.

Game seed: 15020784261282381206

145 croobank the Firebug (level 4, -1/34 HPs)
             Began as a Demigod Fire Elementalist on Dec 23, 2023.
             Slain by a gnoll
             ... wielding a +0 spear
              (2 damage)
             ... on level 3 of the Dungeon.
             The game lasted 00:05:30 (2610 turns).

croobank the Firebug (Demigod Fire Elementalist)    Turns: 2610, Time: 00:05:31

Health: -1/34      AC:  3    Str:  9    XL:     4   Next: 78%
Magic:  8/10       EV: 13    Int: 21    God:
Gold:   71         SH:  0    Dex: 20    Spells: 1/7 levels left

rFire   . . .        u - +9 sword of Power {lifebolt}
rCold   . . .        (shield currently unavailable)
rNeg    . . .        a - +0 robe
rPois   .            e - +0 helmet
rElec   .            (no cloak)
rCorr   .            (no gloves)
SInv    .            (no boots)
Will    .....        m - amulet of the acrobat
Stlth   ++           t - +6 ring of dexterity
HPRegen 0.25/turn    (no ring)
MPRegen 0.12/turn

%: acrobat
@: very slightly contaminated
A: high MP 1, forlorn, divine attributes
a: no special abilities


You were on level 3 of the Dungeon.
You visited 1 branch of the dungeon, and saw 3 of its levels.

You collected 71 gold pieces.

Inventory:

Hand Weapons
 g - a +0 short sword
 i - a +0 hand axe
 o - a +0 dagger
 q - a +0 spear
 r - a +3 whip
 u - the +9 sword of Power (weapon) {lifebolt}
   (You took it off a hobgoblin on level 3 of the Dungeon)
 w - a +0 long sword
Missiles
 p - 3 javelins
Armour
 a - a +0 robe (worn)
 e - a +0 helmet (worn)
 h - a +0 leather armour
Jewellery
 m - an amulet of the acrobat (around neck)
 t - a +6 ring of dexterity (left hand)
Scrolls
 d - a scroll of teleportation {unknown}
 f - a scroll of brand weapon {unknown}
 j - 2 scrolls of enchant armour {unknown}
 k - a scroll of revelation {unknown}
 l - a scroll of identify {unknown}
 n - a scroll of vulnerability {unknown}
 s - a scroll of blinking {unknown}
 x - a scroll of torment {unknown}
Potions
 c - a potion of attraction {unknown}
 v - a potion of curing {unknown}


   Skills:
 + Level 0.9 Fighting
 * Level 0.3 Long Blades
 + Level 0.8 Armour
 + Level 2.5 Dodging
 + Level 2.6 Stealth
 + Level 2.3 Spellcasting
 + Level 1.7 Conjurations
 + Level 0.7 Hexes
 + Level 3.1 Fire Magic


You had one spell level left.
You knew the following spells:

 Your Spells              Type           Power      Damage    Failure   Level
a - Foxfire               Conj/Fire      48%        2x1d6     5%          1
b - Scorch                Fire           30%        2d6       6%          2
c - Inner Flame           Hex/Fire       10%        N/A       19%         3

Your spell library contained the following spells:

 Spells                   Type           Power      Damage    Failure   Level
 Volatile Blastmotes      Fire/Tloc      18%        2d11      22%         3
 Flame Wave               Conj/Fire      12%        2d6       45%         4
 Sticky Flame             Fire/Alch      9%         2d5       58%         4
 Plasma Beam              Fire/Air       4%         2x1d14    100%        6
 Starburst                Conj/Fire      6%         6d4       100%        6


Dungeon Overview and Level Annotations

Branches:
Dungeon (3/15)

Shops:
D:1 *   D:3 (


Innate Abilities, Weirdness & Mutations

You have an increased reservoir of magic. (+10% MP)
You shall have no god before yourself.
Your divine heritage dramatically boosts your attributes as you level up.


Message History

The gnoll hits you from afar with a +0 spear.
Casting: Scorch (safe; 6% risk of failure)
Confirm with . or Enter, or press ? or * to list all spells.
Flames lash the hound.
The hound is lightly wounded.
The hound's fire resistance burns away.
The hound closely misses you.
The gnoll hits you from afar with a +0 spear!
The hound misses you.
Casting: Scorch (safe; 6% risk of failure)
Confirm with . or Enter, or press ? or * to list all spells.
Flames lash the hound.
The hound is burned terribly!
You kill the hound!
The hound barely misses you.
The gnoll hits you from afar with a +0 spear.
Casting: Scorch (safe; 6% risk of failure)
Confirm with . or Enter, or press ? or * to list all spells.
Flames lash the gnoll.
The gnoll is almost dead.
The gnoll's fire resistance burns away.
The hound bites you.
* * * LOW HITPOINT WARNING * * *
The gnoll hits you from afar with a +0 spear.
* * * LOW HITPOINT WARNING * * *
The hound bites you.
* * * LOW HITPOINT WARNING * * *
Casting: Scorch (safe; 6% risk of failure)
Confirm with . or Enter, or press ? or * to list all spells.
You don't have enough magic to cast this spell.
Magic courses through your body.
The hound is no longer more vulnerable to fire.
The hound bites you.
* * * LOW HITPOINT WARNING * * *
The gnoll barely misses you.
Casting: Scorch (safe; 6% risk of failure)
Confirm with . or Enter, or press ? or * to list all spells.
Flames lash the hound.
The hound is almost dead.
The hound's fire resistance burns away.
The hound bites you.
* * * LOW HITPOINT WARNING * * *
The gnoll hits you from afar with a +0 spear.
You die...

#..........# #
.... #..........#
# ... #..........#
.. #..........#
.###..........#
#..#..........# #
#..#..........
#+#'#P.#.########.
#...h@...#
#..g#P.### #..
#..# ## #..# ####


You could see a hound (combustible) and a gnoll (combustible).

Vanquished Creatures
  A hound (D:3)
  3 gnolls (D:2)
  5 adders
  3 ball pythons
  6 endoplasms
  A giant cockroach (D:3)
  3 goblins
  3 hobgoblins
  2 jackals (D:2)
  4 kobolds
  A quokka (D:2)
  5 bats
  3 frilled lizards
  4 rats
44 creatures vanquished.

Vanquished Creatures (collateral kills)
  A foxfire (D:1)
1 creature vanquished.

Vanquished Creatures (others)
  137 foxfires
137 creatures vanquished.

Grand Total: 182 creatures vanquished

Notes
Turn   | Place    | Note
-------+----------+-------------------------------------------
     0 | D:1      | croobank the Demigod Fire Elementalist began the quest for
                  | the Orb.
     0 | D:1      | Reached XP level 1. HP: 14/14 MP: 5/5
    14 | D:1      | Reached skill level 1 in Conjurations
   504 | D:1      | Found Waeg Zit's General Store.
   740 | D:1      | Reached XP level 2. HP: 20/20 MP: 2/7
   788 | D:1      | Learned a level 2 spell: Scorch
  1343 | D:2      | Reached skill level 3 in Fire Magic
  1556 | D:2      | Reached XP level 3. HP: 26/26 MP: 5/8
  1941 | D:2      | Learned a level 3 spell: Inner Flame
  2132 | D:2      | Reached XP level 4. HP: 34/34 MP: 5/10
  2353 | D:3      | Found Lerph's Antique Weapon Shop.
  2610 | D:3      | HP: 1/34 [hound (4)]
  2610 | D:3      | Slain by a gnoll

Illustrated notes

Levels and vault maps discovered:
D:1:      dpeg_arrival_central, layout_basic, serial_shops,
          nicolae_shop_crystal, shapermc_ecumenical_altar_mp_ritualfount,
          minmay_tree_intersection
D:2:      layout_basic, minmay_unequal
D:3:      layout_basic, serial_shops, nicolae_square_shop, cheibrodos_gnoll_hut

Skill      XL: |  1  2 |
---------------+-------+-----
Conjurations   | 1 |  1.7
Stealth        | 2 |  2.6
Dodging        | 2 |  2.5
Spellcasting   | 2 |  2.3
Fire Magic     | 3 |  3.1
Fighting       | |  0.9
Long Blades    | |  0.3
Armour         | |  0.8
Hexes          | |  0.7

Action                     |  1- 3 |  4- 6 || total
---------------------------+-------+-------++-------
  Melee: Whip              |     4 |       ||     4
         Great sword       |       |     8 ||     8
   Cast: Foxfire           |    71 |     4 ||    75
         Scorch            |     5 |    12 ||    17
    Use: Potion            |       |     1 ||     1
   Stab: Sleeping          |     1 |       ||     1
 Armour: Robe              |     7 |    17 ||    24
  Dodge: Dodged            |     6 |    13 ||    19

Table legend: (Time is in decaauts)
 A = Elapsed time spent in this place.
 B = Non-inter-level travel time spent in this place.
 C = Inter-level travel time spent in this place.
 D = Time resting spent in this place.
 E = Time spent auto-exploring this place.
 F = Levels seen in this place.
 G = Mean time per level.
                   A        B        C        D        E       F      G
               +--------+--------+--------+--------+--------+-----+--------+
         Total |   2613 |   2579 |     34 |    690 |   1501 |   3 |  871.0 |
       Dungeon |   2613 |   2579 |     34 |    690 |   1501 |   3 |  871.0 |
               +--------+--------+--------+--------+--------+-----+--------+

Top non-repeatable levels by time:
     D:2: 1210 daAuts
     D:1: 1064 daAuts
     D:3: 338 daAuts
